 Dungeon Crawl Stone Soup version 0.17.1-1-g73c8601 (webtiles) character file.

1023 thevtm the Cleaver (level 8, -6/71 HPs)
             Began as a Minotaur Berserker on Dec 18, 2015.
             Was a Priest of Trog.
             Mangled by lorot's ghost (13 damage)
             ... on level 5 of the Dungeon.
             The game lasted 00:26:25 (6219 turns).

thevtm the Cleaver (Minotaur Berserker)             Turns: 6219, Time: 00:26:25

Health: -6/71      AC:  9    Str: 23    XL:     8   Next: 2%
Magic:  7/7        EV: 11    Int:  4    God:    Trog [***...]
Gold:   123        SH:  0    Dex: 15    Spells: 0 memorised, 7 levels left

rFire  . . .     SeeInvis .     a - +0 hand axe
rCold  . . .     Clarity  .     b - +0 scale mail
rNeg   . . .     SustAt   +     (no shield)
rPois  .         Gourm    +     (helmet restricted)
rElec  .         Spirit   .     (no cloak)
rCorr  .         Warding  .     x - +1 pair of gloves
rMut   .         Stasis   .     (no boots)
MR     ++...                    i - amulet of the gourmand
Stlth  ..........               o - ring of sustain attributes
                                m - +4 ring of dexterity

@: exhausted, regenerating, slowed, very slow, very resistant to hostile
enchantments, extremely unstealthy
A: retaliatory headbutt, horns 2
a: Berserk, Trog's Hand, Burn Spellbooks, Renounce Religion


You were on level 5 of the Dungeon.
You worshipped Trog.
Trog was most pleased with you.
You were full.

You visited 1 branch of the dungeon, and saw 5 of its levels.

You collected 123 gold pieces.

Inventory:

Hand Weapons
 a - a +0 hand axe (weapon)
Armour
 b - a +0 scale mail (worn)
 x - a +1 pair of gloves (worn)
Jewellery
 i - an amulet of the gourmand (around neck)
 m - a +4 ring of dexterity (left hand)
 o - a ring of sustain attributes (right hand)
 y - an uncursed ring of protection from cold
 E - an uncursed ring of positive energy
Scrolls
 d - a scroll of noise {unknown}
 e - 2 scrolls of blinking {unknown}
 g - 3 scrolls of identify {unknown}
 k - 2 scrolls of recharging {unknown}
 l - 3 scrolls of remove curse {unknown}
 q - 2 scrolls of enchant armour {unknown}
 s - a scroll of teleportation {unknown}
 v - 4 scrolls of magic mapping {unknown}
Potions
 f - a potion of invisibility {unknown}
 h - 3 potions of curing
 j - a potion of agility {unknown}
 n - a potion of haste {unknown}
 p - a potion of cure mutation {unknown}
 r - a potion of beneficial mutation {unknown}
 t - 2 potions of magic {unknown}
 u - a potion of experience {unknown}
 B - a potion of poison {unknown}
 C - a potion of lignification {unknown}
 F - 2 potions of flight {unknown}
 G - a potion of ambrosia {unknown}
Comestibles
 c - 3 bread rations
 z - 3 meat rations
 A - a royal jelly


   Skills:
 + Level 6.4 Fighting
 * Level 8.7 Axes
 + Level 6.2 Armour
 - Level 2.1 Dodging


You had 7 spell levels left.
You didn't know any spells.

Dungeon Overview and Level Annotations

Branches:
Dungeon (5/15)
 Temple: D:4-7

Altars:
Dithmenos
Gozag
Okawaru
Yredelemnul

Shops:
D:4 }

Annotations:
D:5 lorot's ghost, novice MiBe


Innate Abilities, Weirdness & Mutations

You reflexively headbutt those who attack you in melee.
You have a pair of horns on your head.


Message History

You feel a strong urge to attack something.
You see here a crooked runed staff.
You are too berserk!
You feel your anger subside.
You are no longer berserk.
You are exhausted.
You feel yourself slow down.
Things that are here:
26 stones; a kobold corpse You see here a club.
You're too exhausted to go berserk.
Your skin crawls.
You feel resistant to hostile enchantments.
You feel slightly less full. Lorot's ghost hits you!
* * * LOW HITPOINT WARNING * * *
Drink which item? (? for menu, Esc to quit)
You feel better. Lorot's ghost hits you.
* * * LOW HITPOINT WARNING * * *
Lorot's ghost hits you!
You die...

≈≈≈≈......≈≈≈≈ ≈≈≈≈≈.....≈≈≈≈
≈≈≈≈......≈≈≈≈ ######''######
####### ## #.(..# #.....##
... #.().# +......## ....
##....#########)......# .....
#..(...#......))....(.#......
+......'.....@W(|.....'......
#......#..............#...K..
##....#########.......# .....
#....# +......## .... #....#
#.....## ... ###### #######
##


You could see lorot's ghost.

Vanquished Creatures
  3 ogres (D:4)
  An orc warrior (D:3)
  Blork the orc (D:4)
  A big kobold (D:5)
  A scorpion (D:4)
  2 hounds (D:4)
  2 orc priests
  2 giant frog skeletons (D:4)
  2 orc wizards
  A worker ant (D:4)
  7 adders
  4 gnolls (D:2)
  2 oozes (D:2)
  4 worms
  5 giant geckos
  8 orcs
  A ball python (D:5)
  4 giant cockroaches
  5 hobgoblins
  2 jackals (D:2)
  6 quokkas
  12 bats
  4 giant newts
  11 goblins
  24 kobolds
  12 rats
127 creatures vanquished.

Notes
Turn   | Place    | Note
--------------------------------------------------------------
     0 | D:1      | thevtm the Minotaur Berserker began the quest for the Orb.
     0 | D:1      | Reached XP level 1. HP: 19/19 MP: 0/0
   264 | D:1      | Reached skill level 4 in Axes
   270 | D:1      | Reached XP level 2. HP: 27/27 MP: 1/1
   518 | D:1      | Reached ** piety under Trog
   817 | D:1      | Reached XP level 3. HP: 26/33 MP: 2/2
  1692 | D:2      | Reached skill level 5 in Axes
  1692 | D:2      | Reached XP level 4. HP: 40/40 MP: 3/3
  2071 | D:2      | Found a basalt altar of Yredelemnul.
  2098 | D:2      | Found a shadowy altar of Dithmenos.
  2099 | D:2      | Found an opulent altar of Gozag.
  2323 | D:2      | Found an iron altar of Okawaru.
  2741 | D:3      | Noticed an orc warrior
  2748 | D:3      | Reached *** piety under Trog
  2748 | D:3      | Reached XP level 5. HP: 47/47 MP: 4/4
  2751 | D:3      | Killed an orc warrior
  2751 | D:3      | Reached skill level 6 in Axes
  2757 | D:3      | Reached XP level 6. HP: 52/55 MP: 5/5
  3021 | D:3      | Reached skill level 5 in Fighting
  4426 | D:4      | Reached skill level 5 in Armour
  4434 | D:4      | Reached skill level 7 in Axes
  4434 | D:4      | Reached XP level 7. HP: 52/61 MP: 6/6
  4968 | D:4      | Noticed Blork the orc
  4977 | D:4      | Killed Blork the orc
  5151 | D:4      | Found Tamaso's Gadget Boutique.
  5480 | D:4      | Reached skill level 8 in Axes
  5911 | D:5      | Entered Level 5 of the Dungeon
  6194 | D:5      | Reached XP level 8. HP: 66/71 MP: 7/7
  6200 | D:5      | Noticed lorot's ghost (novice MiBe)
  6218 | D:5      | HP: 2/71 [lorot's ghost (9)]
  6219 | D:5      | Mangled by lorot's ghost

Action                   |  1- 3 |  4- 6 |  7- 9 || total
-------------------------+-------+-------+-------++-------
Melee: Hand axe          |    86 |   106 |    97 ||   289
Invok: Berserk           |     4 |     2 |     4 ||    10
       Trog's Hand       |       |     1 |     1 ||     2
  Use: Potion            |       |       |     1 ||     1
 Stab: Sleeping          |     1 |       |       ||     1
  Eat: Chunk             |    14 |     9 |    10 ||    33
       Bread ration      |     1 |       |       ||     1
